 Dungeon Crawl Stone Soup version 0.18-b1-22-ge198996 (webtiles) character file.

114 GreamJoe the Slasher (level 4, -5/40 HPs)
             Began as a Draconian Berserker on May 3, 2016.
             Was a Believer of Trog.
             Slain by minicreteconcrete's ghost (8 damage)
             ... on level 3 of the Dungeon.
             The game lasted 00:05:47 (1462 turns).

GreamJoe the Slasher (Draconian Berserker)          Turns: 1462, Time: 00:05:48

Health: -5/40      AC:  5    Str: 17 (20) XL:     4   Next: 67%
Magic:  4/4        EV: 13    Int:  5 (8)  God:    Trog [**....]
Gold:   107        SH:  0    Dex: 11 (12) Spells: 0 memorised, 3 levels left

rFire  . . .     SeeInvis .     r - +0 spear
rCold  . . .     Gourm    .     (armour unavailable)
rNeg   . . .     Faith    .     (no shield)
rPois  .         Spirit   .     (helmet restricted)
rElec  .         Dismiss  .     (no cloak)
rCorr  .         Reflect  .     (no gloves)
SustAt .         Harm     .     (no boots)
MR     .....                    (no amulet)
Stlth  +.........               (no ring)
                                t - +2 ring of dexterity

@: lethally poisoned (-5 -> -9), not resistant to hostile enchantments, very
unstealthy
A: unfitting armour, cold-blooded, AC +5
a: Berserk, Trog's Hand, Burn Spellbooks, Renounce Religion


You were on level 3 of the Dungeon.
You worshipped Trog.
Trog was pleased with you.
You were very full.

You visited 1 branch of the dungeon, and saw 3 of its levels.

You collected 107 gold pieces.

Inventory:

Hand Weapons
 a - a +0 falchion
 r - a +0 spear (weapon)
Missiles
 n - 53 sling bullets
Armour
 l - a +0 chain mail
Jewellery
 t - a +2 ring of dexterity (left hand)
Scrolls
 e - a scroll of enchant armour {unknown}
 g - a scroll of identify {unknown}
 h - a scroll of noise {unknown}
 k - 2 scrolls of fear {unknown}
 o - a scroll of magic mapping {unknown}
 p - a scroll of fog {unknown}
 u - a scroll of immolation {unknown}
Potions
 f - a potion of curing {unknown}
 i - a potion of might {unknown}
 q - a potion of magic
Comestibles
 b - a bread ration
 c - a slice of pizza
 m - a royal jelly


   Skills:
 + Level 3.9 Fighting
 + Level 3.9 Long Blades
 + Level 0.6 Polearms
 + Level 3.9 Dodging


You had 3 spell levels left.
You didn't know any spells.

Dungeon Overview and Level Annotations

Branches:
Dungeon (3/15)

Altars:

Annotations:
D:3 minicreteconcrete's ghost, amateur DrBe


Innate Abilities, Weirdness & Mutations

Your plain brown scales are hard (AC +5).
Your body does not fit into most forms of armour.
You are cold-blooded and may be slowed by cold attacks.


Message History

Drink which item? (? for menu, Esc to quit)
It was a potion of degeneration.
There was something very wrong with that liquid.
You feel weakened.
You feel dopey.
You feel clumsy. The adder misses you.
Minicreteconcrete's ghost stares at you.
Minicreteconcrete's ghost misses you.
Unknown command.
You hit minicreteconcrete's ghost.
Minicreteconcrete's ghost is severely damaged.
The adder bites you but does no damage. Minicreteconcrete's ghost misses you.
Unknown command.
You hit minicreteconcrete's ghost.
You tail-slap minicreteconcrete's ghost, but do no damage.
Minicreteconcrete's ghost is almost destroyed.
The adder bites you.
* * * LOW HITPOINT WARNING * * *
You are lethally poisoned!
The adder poisons you! Minicreteconcrete's ghost hits you!
You die...

#........##############
#...........).........#
#..<.....############.#
#......†.# ###.#
#......<.### #...#
#..........# .... #.###
####.....#..#.#.# ###
###W####.#...# #@.#
.....# ##S####....#
##ggl#..#..# ##org...#
..# #.......###.## #
#........##..#.##
#.........#.....#
##...†>.....#
#.....####..#


You could see minicreteconcrete's ghost, an adder, a giant gecko, 3 goblins and
a rat.

Vanquished Creatures
  Natasha (twice) (D:2)
  An adder (D:2)
  2 worms
  2 dart slugs
  An orc (D:3)
  3 giant cockroaches (D:1)
  4 goblins
  8 hobgoblins
  5 kobolds
  6 bats
  4 giant newts
  7 rats
45 creatures vanquished.

Notes
Turn   | Place    | Note
--------------------------------------------------------------
     0 | D:1      | GreamJoe the Draconian Berserker began the quest for the Orb.
     0 | D:1      | Reached XP level 1. HP: 19/19 MP: 1/1
   293 | D:1      | Reached XP level 2. HP: 26/26 MP: 2/2
   527 | D:1      | Reached XP level 3. HP: 27/31 MP: 3/3
   721 | D:2      | Noticed Natasha
   731 | D:2      | Killed Natasha
   731 | D:2      | Reached ** piety under Trog
   822 | D:2      | Reached XP level 4. HP: 15/40 MP: 4/4
  1163 | D:2      | Noticed Natasha
  1174 | D:2      | Killed Natasha
  1273 | D:3      | Noticed minicreteconcrete's ghost (amateur DrBe)
  1462 | D:3      | Slain by minicreteconcrete's ghost

Skill      XL: |  1  2 |
---------------+-------+-----
Dodging        | 3 |  3.9
Fighting       | |  3.9
Long Blades    | |  3.9
Polearms       | |  0.6

Action                   |  1- 3 |  4- 6 || total
-------------------------+-------+-------++-------
Melee: Falchion          |    54 |       ||    54
       Tailslap          |    10 |    10 ||    20
       Spear             |    22 |    91 ||   113
Invok: Berserk           |       |     1 ||     1
  Use: Potion            |       |     5 ||     5
  Eat: Meat ration       |     1 |       ||     1
       Bread ration      |       |     1 ||     1
Armor: Skin              |    29 |    32 ||    61
Dodge: Dodged            |    56 |    84 ||   140
